 Dungeon Crawl Stone Soup version 0.32-a0-768-g0f6f1dd4b9 (webtiles) character file.

Game seed: 4515215128839124021

94178 Lhurgoyf the Phalangite (level 16, -2/112 (122) HPs)
             Began as a Formicid Warper on Mar 18, 2024.
             Was the Champion of Cheibriados.
             Slain by a death knight
             ... wielding a +1 battleaxe
              (19 damage)
             ... on level 15 of the Dungeon.
             The game lasted 00:35:50 (20717 turns).

Lhurgoyf the Phalangite (Formicid Warper)          Turns: 20717, Time: 00:35:50

HP:   -2/112 (122)  AC: 15    Str: 36    XL:     16   Next: 59%
MP:   26/26         EV: 18    Int: 29    God:    Cheibriados [******]
Gold: 2843          SH:  8    Dex: 30    Spells: 19/19 levels left

rFire   + + .        r - +2 bardiche (freeze)
rCold   + . .        R - +0 buckler
rNeg    . . .        J - +2 plate armour {rF+}
rPois   .            (helmet unavailable)
rElec   .            V - scarf {rC+ rF+}
rCorr   .            f - +1 pair of gloves
SInv    +            N - +0 pair of boots
Will    +....        v - amulet of regeneration Stlth
                     l - +5 ring of evasion
HPRegen 1.18/turn    B - +5 ring of evasion
MPRegen 0.20/turn

%: no passive effects
@: drained, very slow
A: permanent stasis, dig shafts and tunnels, antennae 3, four strong arms
a: Dig, Shaft Self, Renounce Religion, Bend Time, Temporal Distortion, Slouch,
Step From Time


You were on level 15 of the Dungeon.
You worshipped Cheibriados.
Cheibriados was exalted by your worship.
You visited 4 branches of the dungeon, and saw 23 of its levels.
You also visited: Sewer.

You collected 4022 gold pieces.
You spent 1179 gold pieces at shops.

Inventory:

Hand Weapons
 a - a +0 bardiche of flaming
 r - a +2 bardiche of freezing (weapon)
Missiles
 c - 7 darts of dispersal
 A - 39 poisoned darts (quivered)
 M - 6 throwing nets
 P - 12 curare-tipped darts
Armour
 f - a +1 pair of gloves (worn)
 I - a +4 chain mail of cold resistance
 J - a +2 plate armour of fire resistance (worn)
 N - a +0 pair of boots (worn)
 R - a +0 buckler (worn)
 V - a scarf of resistance (worn)
Jewellery
 l - a +5 ring of evasion (left hand)
 v - an amulet of regeneration (around neck)
 z - a ring of flight
 B - a +5 ring of evasion (right hand)
 G - the ring "Domej" {rPois Str-3 Dex+3 SInv}
   (You found it on level 2 of the Lair of Beasts)

   [ring of see invisible]

   Str-3:     It affects your strength (-3).
   Dex+3:     It affects your dexterity (+3).
   rPois:     It protects you from poison.
   SInv:      It lets you see invisible.
 U - a +5 ring of evasion
Wands
 b - a wand of charming (9)
 i - a wand of roots (1)
 T - a wand of flame (34)
Scrolls
 d - 3 scrolls of fear
 e - a scroll of revelation {@r5}
 h - 10 scrolls of teleportation {@r3}
 j - 3 scrolls of identify {@r1}
 m - 2 scrolls of immolation
 n - 6 scrolls of amnesia
 q - a scroll of torment
 t - 4 scrolls of enchant weapon
 y - 3 scrolls of vulnerability {!r}
 D - 2 scrolls of silence {!r}
 L - 2 scrolls of brand weapon
 Q - 2 scrolls of enchant armour
Potions
 g - 6 potions of resistance
 k - 9 potions of curing {@q2}
 o - 7 potions of lignification
 p - 2 potions of might {@q3}
 s - a potion of magic
 u - 3 potions of cancellation
 w - 8 potions of mutation
 x - a potion of berserk rage
 C - a potion of invisibility
 E - 5 potions of attraction
 F - 11 potions of ambrosia
 H - 2 potions of heal wounds {@q1}
 K - 3 potions of enlightenment {unknown}
 O - 2 potions of brilliance {unknown}
 S - 7 potions of haste {@q5}


   Skills:
 - Level 10.0 Fighting
 * Level 23.9 Polearms
 - Level 1.0 Throwing
 - Level 1.1 Armour
 - Level 1.7 Dodging
 - Level 8.0 Stealth
 - Level 8.0 Shields
 - Level 2.1 Spellcasting
 - Level 2.6 Translocations
 - Level 14.0 Invocations


You had 19 spell levels left.
You didn't know any spells.
Your spell library contained the following spells:

 Spells                   Type           Power      Damage    Failure   Level
 Lesser Beckoning         Tloc           36%        N/A       36%         2
 Foxfire                  Conj/Fire      12%        2x1d4     58%         1
 Magic Dart               Conj           12%        1d3       58%         1
 Teleport Other           Tloc           18%        N/A       58%         3
 Call Imp                 Summ           6%         N/A       75%         2
 Cigotuvi's Dreadful Rot  Necr/Alch/Air  6%         N/A       75%         2
 Scorch                   Fire           6%         2d5       75%         2
 Static Discharge         Conj/Air       6%         3-4/arc   75%         2
 Inner Flame              Hex/Fire       3%         N/A       92%         3
 Mephitic Cloud           Conj/Alch/Air  3%         N/A       92%         3
 Manifold Assault         Tloc           18%        N/A       94%         4
 Airstrike                Air            1%         2d(1-17)  100%        4
 Brom's Barrelling Bould  Conj/Erth      3%         2d3       100%        4
 Dispel Undead            Necr           3%         3d7       100%        4
 Flame Wave               Conj/Fire      3%         2d5       100%        4
 Martyr's Knell           Necr/Summ      3%         N/A       100%        4
 Olgreb's Toxic Radiance  Alch           3%         N/A       100%        4
 Petrify                  Alch/Erth      3%         N/A       100%        4
 Summon Lightning Spire   Summ/Air       3%         N/A       100%        4
 Irradiate                Conj/Alch      1%         3d12      100%        5
 Yara's Violent Unravell  Hex/Alch       1%         3d3       100%        5
 Conjure Ball Lightning   Conj/Air       1%         3x3d6     100%        6
 Plasma Beam              Fire/Air       1%         2x1d11    100%        6
 Starburst                Conj/Fire      1%         6d3       100%        6
 Summon Cactus Giant      Summ           1%         N/A       100%        6
 Discord                  Hex            1%         N/A       100%        8
 Disjunction              Tloc           9%         N/A       100%        8
 Ignition                 Fire           1%         3d3       100%        8
 Chain Lightning          Conj/Air       1%         3d2       100%        9
 Blink                    Tloc           Unusable   N/A       N/A         2
 Vhi's Electric Charge    Tloc/Air       Unusable   N/A       N/A         4

Dungeon Overview and Level Annotations

Branches:
Dungeon (15/15)            Temple (1/1) D:4            Lair (5/5) D:8
  Swamp (0/4) Lair:3       Spider (0/4) Lair:2        Slime (0/5) Lair:5
    Orc (2/2) D:12            Elf (0/3) Orc:2        Vaults (0/5) D:14
  Sewer (visited)
 Depths: D:15

Altars:
Ashenzari
Cheibriados
Dithmenos
Elyvilon
Fedhas
Gozag
Hepliaklqana
Kikubaaqudgha
Makhleb
Nemelex Xobeh
Okawaru
Qazlal
Ru
Sif Muna
Trog
Uskayaw
Vehumet
Wu Jian
Xom
Yredelemnul
Zin
The Shining One
Beogh

Shops:
D:3 *   D:14 (   Orc:2 [:(*

Annotations:
D:12 1 runed translucent door, Daaderoa's ghost, journeyman MiFi
Lair:1 2 transporters, Zoifuloc's ghost, journeyman DjCj
Orc:2 3 runed translucent doors, mrw0lf's ghost, journeyman GnCK


Innate Abilities, Weirdness & Mutations

You cannot be hasted, slowed, berserked, paralysed or teleported.
You can dig through walls and to a lower floor.
You have a pair of large antennae on your head. (SInv)
Your four strong arms can wield two-handed weapons with a shield.


Message History

The freezing wraith hits you but does no damage.
The freezing wraith hits you.
The death knight hits you but does no damage.
The freezing wraith barely misses you. The freezing wraith misses you.
You completely miss the freezing wraith.
The freezing wraith is heavily damaged.
You slash the freezing wraith!
The freezing wraith is almost destroyed.
The freezing wraith hits you but does no damage.
The freezing wraith barely misses you. The death knight barely misses you.
The freezing wraith barely misses you. You block the freezing wraith's attack.
You hit the freezing wraith but do no damage.
The freezing wraith is almost destroyed.
The freezing wraith hits you. The freezing wraith freezes you! You resist.
You block the freezing wraith's attack. The death knight closely misses you.
The freezing wraith hits you but does no damage.
The freezing wraith misses you.
You closely miss the freezing wraith.
The freezing wraith is almost destroyed.
The freezing wraith misses you.
The freezing wraith hits you but does no damage.
The death knight invokes the aid of Yredelemnul against you.
You resist with some effort. The freezing wraith barely misses you.
The freezing wraith hits you but does no damage.
You slice the freezing wraith!!
You destroy the freezing wraith!
Cheibriados appreciates the change of pace.
Unknown command.
You hit the death knight but do no damage.
The death knight offers itself to Yredelemnul, and fills with unholy energy.
The freezing wraith completely misses you.
The freezing wraith closely misses you.
You slice the death knight like a ripe choko!!!
You freeze the death knight!!
The death knight is severely wounded.
The death knight reflects your damage back at you!
* * * LOW HITPOINT WARNING * * *
The death knight hits you with a +1 battleaxe!!
You die...
Cheibriados appreciates the motionlessness of death.

....#..........#.......#
..รท.#..........#.......#
....#..........#.......#
....#..........#.......+
#####.?........#.......#
#########......#+#.+
########.###.# .#
.........#.W.#
##########@###
........p.....#
########.##.### .. ,
...,, ..#. #.### .#


You could see a death knight (reflects damage) and a freezing wraith.

Vanquished Creatures
  Saint Roka (Orc:2)
  Rupert (Lair:4)
  Gastronok (Lair:1)
  Frances (D:12)
  Nessos (Lair:4)
  An ettin (Orc:2)
  A fire dragon (D:14)
  2 hydras
  A vault guard (D:14)
  An ogre mage (Orc:2)
  An alligator (Lair:5)
  A death yak (D:12)
  9 boulder beetles
  4 centaur warriors
  10 two-headed ogres
  A hell hog (Lair:5)
  Urug (Orc:2)
  Nergalle (Orc:2)
  An orc high priest (Orc:2)
  Sonja (D:13)
  4 skysharks
  2 lindwurms (Lair:2)
  3 deep elf pyromancers (D:14)
  3 orc knights (Orc:2)
  An oklob plant (Lair:1)
  An ugly thing (D:14)
  2 orc sorcerers (Orc:2)
  3 cyclopes
  A will-o-the-wisp (Lair:3)
  A wolf spider (Lair:2)
  6 elephants (Lair:5)
  3 meliai (D:13)
  A kobold blastminer (Orc:1)
  2 black mambas (Lair:1)
  6 rime drakes
  Maggie (Lair:1)
  8 cane toads
  5 yaktaurs
  6 komodo dragons
  A freezing wraith (D:15)
  2 unseen horrors
  2 kobold demonologists
  11 trolls
  A hornet (D:9)
  A queen bee (D:13)
  14 polar bears
  2 tarantellas (Lair:2)
  2 raiju (Lair:5)
  A centaur simulacrum (D:13)
  14 blink frogs
  16 slime creatures
  A jumping spider (Lair:2)
  21 dream sheep
  4 wyverns
  A shadow (D:9)
  43 yaks
  A steam dragon (D:9)
  2 water elementals (D:15)
  2 wraiths
  7 basilisks
  Eustachio (D:4)
  4 wargs (Lair:5)
  2 redbacks (Lair:2)
  11 vampire mosquitoes
  Duvessa (D:4)
  An acid dragon (D:11)
  9 water moccasins
  Pargi (Sewer)
  15 hell hounds (Lair:5)
  A meliai simulacrum (D:13)
  14 black bears
  27 orc warriors
  5 ice beasts
  A sky beast (D:8)
  2 laughing skulls (D:14)
  4 boggarts (Lair:2)
  13 ogres
  6 centaurs
  39 wolves
  A phantom (D:4)
  4 kobold brigands
  A brain worm (Sewer)
  Blork the orc (D:4)
  12 bullfrogs
  2 scorpions
  A gnoll sergeant (D:8)
  17 wights
  Dowan (D:4)
  21 killer bees (D:13)
  5 electric eels
  5 howler monkeys
  2 bombardier beetles
  3 lava snakes (Lair:2)
  4 jellies
  3 hounds
  14 orc priests
  A gnoll bouda (D:9)
  18 orc wizards
  7 gnolls
  2 adders
  A shadow imp (D:6)
  9 white imps (D:13)
  4 ufetubi
  A dart slug (D:1)
  A ribbon worm (D:4)
  71 orcs
  11 ball pythons
  2 bats
  5 endoplasms
  8 giant cockroaches
  10 goblins
  15 hobgoblins
  11 jackals
  30 kobolds
  5 quokkas
  7 frilled lizards
  4 rats
726 creatures vanquished.

Vanquished Creatures (collateral kills)
  A hydra (Lair:5)
  Harold (D:10)
  A slime creature (D:12)
3 creatures vanquished.

Vanquished Creatures (others)
  A howler monkey (D:13)
  An orc (Orc:2)
  2 foxfires (Lair:3)
4 creatures vanquished.

Grand Total: 733 creatures vanquished

Notes
Turn   | Place    | Note
-------+----------+-------------------------------------------
     0 | D:1      | Lhurgoyf the Formicid Warper began the quest for the Orb.
     0 | D:1      | Reached XP level 1. HP: 16/16 MP: 3/3
   133 | D:1      | Reached XP level 2. HP: 22/23 MP: 5/5
   336 | D:1      | Reached XP level 3. HP: 24/29 MP: 6/6
   713 | D:2      | Got Sif Muna's Teachings on Shocking Amathomancy
   765 | D:2      | Reached skill level 3 in Polearms
  1070 | D:2      | Reached XP level 4. HP: 35/35 MP: 7/7
  1478 | D:3      | Found a hazy altar of Hepliaklqana.
  1541 | D:3      | Found Dusoneuc's Assorted Antiques.
  1552 | D:3      | Bought a glowing puce potion for 30 gold pieces
  1651 | D:3      | Reached XP level 5. HP: 20/42 MP: 8/8
  1980 | D:4      | Noticed Eustachio
  2018 | D:4      | Killed Eustachio
  2019 | D:4      | Reached skill level 4 in Polearms
  2019 | D:4      | Reached XP level 6. HP: 10/50 MP: 9/9
  2074 | D:4      | Noticed Duvessa
  2074 | D:4      | Noticed Dowan
  2250 | D:4      | Reached skill level 5 in Fighting
  2250 | D:4      | Reached skill level 5 in Polearms
  2795 | D:4      | Found a staircase to the Ecumenical Temple.
  2917 | Temple   | Entered the Ecumenical Temple
  2926 | Temple   | Became a worshipper of Cheibriados the Contemplative
  3081 | D:4      | Killed Duvessa
  3082 | D:4      | Reached XP level 7. HP: 56/56 MP: 10/10
  3110 | D:4      | Killed Dowan
  3111 | D:4      | Reached skill level 6 in Polearms
  3287 | D:5      | Entered Level 5 of the Dungeon
  3671 | D:5      | Reached * piety under Cheibriados
  3811 | D:5      | Noticed Blork the orc
  3856 | D:4      | Reached skill level 7 in Polearms
  3865 | D:4      | Killed Blork the orc
  4140 | D:5      | Reached XP level 8. HP: 52/62 MP: 11/11
  4329 | D:5      | Identified 4 scrolls of acquirement
  4329 | D:5      | Acquired 967 gold pieces
  4330 | D:5      | Acquired a manual of Polearms
  4331 | D:5      | Acquired a +2 bardiche of freezing
  4332 | D:5      | Acquired 907 gold pieces
  4373 | D:6      | Reached skill level 8 in Polearms
  4451 | D:6      | Reached skill level 1 in Shields
  4451 | D:6      | Reached skill level 1 in Invocations
  4502 | D:6      | Reached ** piety under Cheibriados
  4639 | D:6      | Got the Catalogue of Stony Virulence
  4684 | D:6      | Found a glowing drain.
  4695 | Sewer    | Entered a sewer
  4715 | Sewer    | Noticed Pargi
  4728 | Sewer    | Killed Pargi
  4729 | Sewer    | Reached skill level 5 in Invocations
  4806 | Sewer    | Reached XP level 9. HP: 68/68 MP: 10/13
  5310 | D:7      | Reached *** piety under Cheibriados
  5363 | D:7      | Found a shadowy altar of Dithmenos.
  5372 | D:7      | Reached skill level 1 in Stealth
  5451 | D:7      | Reached skill level 9 in Polearms
  5557 | D:7      | Found an ancient bone altar of Kikubaaqudgha.
  5593 | D:7      | Reached skill level 5 in Stealth
  5716 | D:7      | Found an ornate altar of the Wu Jian Council.
  5797 | D:7      | Reached **** piety under Cheibriados
  5798 | D:7      | Reached skill level 10 in Polearms
  6119 | D:8      | Found a staircase to the Lair.
  6133 | D:8      | Noticed a troll
  6145 | D:8      | Reached XP level 10. HP: 40/74 MP: 16/16
  6359 | D:8      | Reached skill level 11 in Polearms
  6463 | D:8      | Found a broken altar of Ashenzari.
  6756 | D:8      | Reached skill level 12 in Polearms
  6790 | D:8      | Reached skill level 5 in Shields
  6884 | D:8      | Found a radiant altar of Vehumet.
  6896 | D:8      | Reached ***** piety under Cheibriados
  7123 | D:8      | Reached XP level 11. HP: 76/79 MP: 18/18
  7365 | D:9      | Reached skill level 10 in Invocations
  7516 | D:9      | Identified the +3 leather armour of Tenacity {-Tele Will+
                  | rCorr Stlth+}
  7904 | D:10     | Entered Level 10 of the Dungeon
  8111 | D:10     | Noticed Harold
  8118 | D:10     | Killed Harold
  8336 | D:10     | Noticed a two-headed ogre
  8341 | D:10     | Killed a two-headed ogre
  8485 | D:10     | Reached XP level 12. HP: 73/86 MP: 22/22
  8825 | D:11     | Noticed a boulder beetle
  8841 | D:11     | Killed a boulder beetle
  8842 | D:11     | Reached skill level 13 in Polearms
  8864 | D:11     | Noticed a two-headed ogre
  8869 | D:11     | Killed a two-headed ogre
  8917 | D:11     | Reached ****** piety under Cheibriados
  9530 | D:12     | Reached skill level 14 in Polearms
  9530 | D:12     | Noticed a two-headed ogre
  9576 | D:12     | Found a staircase to the Orcish Mines.
  9637 | D:12     | HP: 4/89 [slime creature (11)]
  9906 | D:12     | Found an iron altar of Okawaru.
  9930 | D:12     | Killed a two-headed ogre
 10023 | D:12     | Reached skill level 15 in Polearms
 10293 | D:12     | Found a runed translucent door.
 10293 | D:12     | Noticed Daaderoa's ghost (journeyman MiFi)
 10416 | Lair:1   | Entered Level 1 of the Lair of Beasts
 10473 | Lair:1   | Noticed Maggie
 10475 | Lair:1   | Killed Maggie
 10615 | Lair:1   | Reached XP level 13. HP: 27/98 MP: 23/23
 10732 | Lair:1   | Reached skill level 16 in Polearms
 10814 | Lair:1   | Noticed Gastronok
 10828 | Lair:1   | Killed Gastronok
 10940 | Lair:1   | Found a transporter.
 10943 | Lair:1   | Found a transporter.
 10956 | Lair:1   | Found a bloodstained altar of Trog.
 10960 | Lair:1   | Noticed Zoifuloc's ghost (journeyman DjCj)
 11377 | Lair:2   | Found a runed translucent door.
 11823 | Lair:2   | Reached skill level 17 in Polearms
 11849 | Lair:2   | Found a hole to the Spider Nest.
 12367 | Lair:2   | Found a runed translucent gate.
 12369 | Lair:2   | Found a runed translucent gate.
 12370 | Lair:2   | Found a runed translucent gate.
 12370 | Lair:2   | Found a runed translucent gate.
 12370 | Lair:2   | Found a runed translucent gate.
 12371 | Lair:2   | Found a runed translucent gate.
 12395 | Lair:2   | Reached skill level 10 in Fighting
 12572 | Lair:2   | Identified the ring "Domej" {rPois Str-3 Dex+3 SInv}
 12636 | Lair:3   | Found a staircase to the Swamp.
 13157 | Lair:3   | Reached skill level 18 in Polearms
 13157 | Lair:3   | Reached XP level 14. HP: 92/110 MP: 24/24
 13668 | Lair:4   | Noticed Rupert
 13684 | Lair:4   | Killed Rupert
 13746 | Lair:4   | Noticed Nessos
 13778 | Lair:4   | Killed Nessos
 13995 | Lair:4   | Reached skill level 19 in Polearms
 14436 | Lair:5   | Entered Level 5 of the Lair of Beasts
 14843 | Lair:5   | Reached skill level 20 in Polearms
 15077 | Lair:5   | Identified the +5 shortbow of the Well-Known Hells {heavy,
                  | rElec rN+ Dex-3}
 15105 | Lair:5   | Reached XP level 15. HP: 80/115 MP: 21/25
 15556 | Lair:5   | Found a shimmering altar of Xom.
 15743 | Lair:5   | Reached skill level 21 in Polearms
 15867 | Lair:5   | Found a staircase to the Slime Pits.
 16133 | Orc:1    | Entered Level 1 of the Orcish Mines
 16226 | Orc:1    | Found a roughly hewn altar of Beogh.
 16452 | Orc:2    | Entered Level 2 of the Orcish Mines
 16703 | Orc:2    | Found a burning altar of Makhleb.
 17094 | Orc:2    | Found a runed translucent gate.
 17102 | Orc:2    | Found a runed translucent gate.
 17102 | Orc:2    | Noticed mrw0lf's ghost (journeyman GnCK)
 17103 | Orc:2    | Found a runed translucent gate.
 17143 | Orc:2    | Noticed Urug
 17156 | Orc:2    | Killed Urug
 17272 | Orc:2    | Found a staircase to the Elven Halls.
 17301 | Orc:2    | Noticed Nergalle
 17339 | Orc:2    | Noticed Saint Roka
 17347 | Orc:2    | Killed Nergalle
 17352 | Orc:2    | Reached skill level 22 in Polearms
 17359 | Orc:2    | Killed Saint Roka
 17769 | Orc:2    | Found a roughly hewn altar of Beogh.
 17772 | Orc:2    | Found Mukhlyenk's Antique Armour Emporium.
 18175 | Orc:2    | Found Leser's General Store.
 18182 | Orc:2    | Bought a potion of curing for 39 gold pieces
 18202 | Orc:2    | Found Ygahal's Book Emporium.
 18216 | Orc:2    | Found Lecof's Antique Weapon Emporium.
 18298 | Orc:2    | Bought a glowing plate armour for 780 gold pieces
 18298 | Orc:2    | Bought an embroidered scarf for 240 gold pieces
 18444 | D:13     | Found Zin's Purification Station.
 18449 | D:13     | Found a glowing silver altar of Zin.
 18488 | D:13     | Bought a potion of curing for 90 gold pieces
 18762 | D:13     | Noticed Frances
 18770 | D:13     | Noticed Sonja
 18782 | D:12     | Killed Frances
 18783 | D:12     | Reached XP level 16. HP: 35/122 MP: 26/26
 18892 | D:13     | Killed Sonja
 19344 | D:13     | Reached skill level 23 in Polearms
 19829 | D:14     | Found Qam Ameneo's Weapon Shop.
 20072 | D:14     | Found a gate to the Vaults.
 20288 | D:15     | Entered Level 15 of the Dungeon
 20717 | D:15     | Slain by a death knight

Illustrated notes

Levels and vault maps discovered:
D:1:      lightli_arrival_chessboard, layout_basic
D:2:      layout_basic
D:3:      layout_rooms, mainiacjoe_overflow_concentric_impassable, serial_shops,
          shop
D:4:      layout_basic, minmay_temple_entry_poolview, enter_ossuary_1,
          uniq_eustachio, uniq_duvessa
D:5:      corexii_shantytown, layout_basic, uniq_blork_the_orc
D:6:      layout_rooms, gup_sewer_entry_pipe
D:7:      layout_loops_cross, nicolae_dithmenos_through_a_glass_darkly,
          mainiacjoe_overflow_swirl, enter_bailey_7
D:8:      layout_loops_corners, nicolae_vehumet_radiance, ashenzari_altar_1,
          erik_lair_island
D:9:      layout_irregular_city, minmay_fractal_squares_5
D:10:     layout_irregular_city, hangedman_decor_growths, evilmike_butchery,
          uniq_harold
D:11:     layout_gridville, nicolae_figureground_pulse
D:12:     layout_roguey, david_orc_2, gammafunk_ghost_grave, okawaru_gym_becter
D:13:     layout_basic, serial_ice, serial_ice_h, serial_ice_n, serial_ice_b,
          serial_ice_c, serial_ice_a, serial_ice_i, serial_ice_g, serial_ice_d,
          serial_ice_o, serial_ice_f, special_room [special_room_bee],
          serial_library_regret_index_branch_corner, zin_purify, uniq_sonja,
          uniq_frances
D:14:     layout_roguey, david_vaults_5, serial_shops, nicolae_shop_crystal,
          amcnicky_mini_pool_small, corexii_checkpoint
D:15:     gammafunk_enter_depths_forms, layout_basic, uniq_josephine
Temple:   eino_temple_scatter_basement
Lair:1:   layout_hall_layers, gammafunk_ghost_wrathful_warriors,
          grunt_megastairs_5, serial_bayou_shore_b, serial_bayou_shore_a,
          infiniplex_staircase_pool_2, serial_bayou_shore_b, uniq_gastronok,
          uniq_maggie
Lair:2:   gammafunk_indiana_jones, layout_gridlike, spider_nest_entry_rubble,
          kilobyte_rumbling_trees
Lair:3:   layout_cave_pods, minmay_swamp_entry_wisps
Lair:4:   layout_loops_ring, uniq_rupert, uniq_nessos
Lair:5:   hangedman_lair_caniforms_friends, layout_gridlike,
          minmay_slime_entry_pillars, basic_altar
Orc:1:    layout_diamond_mine, mines1_david
Orc:2:    grunt_orc_cross, layout_diamond_mine, gammafunk_ghost_split,
          bloody_makhleb, uniq_urug

Skill      XL: |  1  2  3  4  5  6  7  8  9 10 11 12 13 14 15 16 |
---------------+-------------------------------------------------+-----
Fighting       | 3 4 5 8 10 | 10.0
Polearms       | 3 4 5 7 8 10 12 15 18 20 22 23 | 23.9
Shields        | 4 6 8 |  8.0
Invocations    | 6 8 9 14 | 14.0
Stealth        | 5 8 |  8.0
Throwing       | |  1.0
Armour         | |  1.1
Dodging        | |  1.7
Spellcasting   | |  2.1
Translocations | |  2.6

Action                     |  1- 3 |  4- 6 |  7- 9 | 10-12 | 13-15 | 16-18 || total
---------------------------+-------+-------+-------+-------+-------+-------++-------
  Melee: Spear             |   151 |   127 |       |       |       |       ||   278
         Dagger            |       |    35 |   157 |       |       |       ||   192
         Bardiche          |       |       |   190 |   451 |   792 |   201 ||  1634
  Throw: Dart              |       |       |       |    26 |       |       ||    26
 Invoke: Step From Time    |       |       |       |     1 |     2 |       ||     3
         Slouch            |       |       |       |       |     9 |     1 ||    10
Ability: Dig               |       |       |       |     1 |     2 |       ||     3
  Evoke: Wand              |       |       |       |     7 |     9 |       ||    16
    Use: Scroll            |       |       |    16 |     5 |    14 |       ||    35
         Potion            |       |       |       |       |     8 |       ||     8
   Stab: Distracted        |       |       |     1 |       |       |       ||     1
         Confused          |       |       |       |     1 |       |       ||     1
         Sleeping          |       |       |       |       |     1 |       ||     1
 Armour: Leather armour    |    29 |       |       |       |       |       ||    29
         Plate armour      |    56 |   139 |   207 |   287 |   388 |   120 ||  1197
         Chain mail        |       |       |       |       |    23 |       ||    23
  Dodge: Dodged            |    56 |    93 |   378 |   432 |   597 |   152 ||  1708
  Block: Buckler           |       |       |       |   190 |   326 |    87 ||   603

Table legend: (Time is in decaauts)
 A = Elapsed time spent in this place.
 B = Non-inter-level travel time spent in this place.
 C = Inter-level travel time spent in this place.
 D = Time resting spent in this place.
 E = Time spent auto-exploring this place.
 F = Levels seen in this place.
 G = Mean time per level.
                   A        B        C        D        E       F      G
               +--------+--------+--------+--------+--------+-----+--------+
         Total |  31194 |  28794 |   2400 |   2975 |  20772 |  24 | 1299.8 |
       Dungeon |  18160 |  16797 |   1363 |   1313 |  12468 |  15 | 1210.7 |
        Temple |     20 |      1 |     19 |      0 |      0 |   1 |   20.0 |
          Lair |   9314 |   8536 |    778 |    926 |   6152 |   5 | 1862.8 |
  Orcish Mines |   3369 |   3131 |    238 |    735 |   1958 |   2 | 1684.5 |
         Sewer |    328 |    328 |      0 |      0 |    193 |   1 |  328.0 |
               +--------+--------+--------+--------+--------+-----+--------+

Top non-repeatable levels by time:
  Lair:2: 2363 daAuts
   Orc:2: 2349 daAuts
  Lair:5: 2328 daAuts
    D:12: 1819 daAuts
     D:8: 1807 daAuts
  Lair:3: 1787 daAuts
    D:14: 1658 daAuts
    D:13: 1552 daAuts
  Lair:1: 1517 daAuts
    D:10: 1450 daAuts
    D:11: 1407 daAuts
     D:9: 1398 daAuts
     D:7: 1320 daAuts
  Lair:4: 1317 daAuts
     D:5: 1294 daAuts
